 Dungeon Crawl Stone Soup version 0.18.1-48-g4cf74bf (webtiles) character file.

32 meme the Conjurer (level 3, -3/15 HPs)
             Began as a Felid Conjurer on July 17, 2016.
             Was an Initiate of Qazlal.
             Killed from afar by Natasha (10 damage)
             ... with a magic dart
             ... on level 2 of the Dungeon.
             The game lasted 00:24:31 (3163 turns).

meme the Conjurer (Felid Conjurer)                  Turns: 3163, Time: 00:24:31

Health: -3/15      AC:  1    Str:  5    XL:     3   Next: 10%
Magic:  7/8        EV: 18    Int: 16    God:    Qazlal [......]
Gold:   101        SH:  0    Dex: 16    Spells: 2 memorised, 3 levels left
                                        Lives:  0   Deaths: 1

rFire  . . .     SeeInvis +     (weapon unavailable)
rCold  . . .     Gourm    .     (armour unavailable)
rNeg   . . .     Faith    .     (shield unavailable)
rPois  .         Spirit   .     (helmet unavailable)
rElec  .         Dismiss  .     (cloak unavailable)
rCorr  .         Reflect  .     (gloves unavailable)
SustAt .         Harm     .     (boots unavailable)
MR     .....                    (no amulet)
Stlth  ++........               (no ring)
                                (no ring)

@: confused, quick, not resistant to hostile enchantments, unstealthy
A: no armour, no weapons or thrown items, claws 1, fangs 3, see invisible,
carnivore 3, speed 1, shaggy fur 1, slow metabolism 1, sharp paws
a: Renounce Religion


You were on level 2 of the Dungeon.
You worshipped Qazlal.
Qazlal was noncommittal.
You were not hungry.

You visited 1 branch of the dungeon, and saw 2 of its levels.

You collected 101 gold pieces.

Inventory:

Scrolls
 e - 2 scrolls of identify
 i - 2 scrolls of magic mapping {unknown}
 j - a scroll of remove curse {unknown}
 k - a scroll of immolation {unknown}
 l - a scroll of fear {unknown}
 n - a scroll of enchant weapon {unknown}
Potions
 d - a potion of resistance
 g - 2 potions of cure mutation
Books
 a - a book of Conjurations

   Spells                             Type                      Level
   a - Magic Dart                     Conjuration                  1
   b - Searing Ray                    Conjuration                  2
   c - Dazzling Spray                 Conjuration/Hexes            3
   d - Fulminant Prism                Conjuration/Hexes            4
   e - Iskenderun's Mystic Blast      Conjuration                  4
   f - Iskenderun's Battlesphere      Conjuration/Charms           5
Comestibles
 b - 2 meat rations
 c - a chunk of flesh
 f - 2 beef jerkies
 h - a royal jelly


   Skills:
 + Level 0.4 Fighting
 + Level 3.1 Dodging
 + Level 3.0 Stealth
 + Level 0.2 Unarmed Combat
 + Level 2.6 Spellcasting
 + Level 4.4 Conjurations


You had 3 spell levels left.
You knew the following spells:

 Your Spells              Type           Power        Failure   Level  Hunger
a - Magic Dart            Conj           ###.         3%          1    #......
b - Dazzling Spray        Conj/Hex       #.....       28%         3    ###....


Dungeon Overview and Level Annotations

Branches:
Dungeon (2/15)

Altars:
Cheibriados
Qazlal

Annotations:
D:2 Natasha, Sigmund


Innate Abilities, Weirdness & Mutations

You cannot wear armour.
You are incapable of wielding weapons or throwing items.
You have sharp claws.
You have razor-sharp teeth.
You have supernaturally acute eyesight.
You are carnivorous and can eat meat at any time.
You cover ground quickly.
You are covered in fur (AC +1).
You have a slow metabolism.
Your sharp claws are effective at attacking unaware monsters.


Message History

Aiming: Magic Dart
Press: ? - help, Shift-Dir - straight line, f - white imp
Aim: a white imp (summoned)
The magic dart hits the white imp.
Casting: Magic Dart
Confirm with . or Enter, or press ? or * to list all spells.
Aiming: Magic Dart
Press: ? - help, Shift-Dir - straight line, f/p - white imp
Aim: a white imp (summoned)
The magic dart hits the white imp.
The white imp gestures at you. The puff of frost hits you!
Ouch! That really hurt!
Sigmund misses you. Sigmund gestures at you while chanting.
You are confused.
Natasha stares at you and mumbles some strange words.
The magic dart hits you!
Ouch! That really hurt!
You die...

.# #....5......####.#
.# #h#########.# #.#
.########5#########.#
#.#
.##....†.....>....#.#
#.#
.....####.#####.#.#.#
#.# .###.# #.#
#.#h#.## #.# .....#
#.# #.#.#..# #.#
.########.#
#....@.###.# .#
#....#####.@#...##..#
.#
#.##.......#_#.###.##
.#####.#######...#..#
#.# ........#
#####.....# #.#
####.#..# #........##
#.# # #.#(.#
#.######.####.# #
#.#..# #..(.....@....#
#
#.#..###.#.###########
#.#......#.##


You could see Sigmund and Natasha.

Vanquished Creatures
  2 oozes
  A worm (D:2)
  5 dart slugs
  3 giant geckos
  3 giant cockroaches (D:1)
  6 goblins (D:1)
  4 hobgoblins
  4 jackals
  2 ball pythons
  8 bats
  6 kobolds
  6 rats
50 creatures vanquished.

Notes
Turn   | Place    | Note
--------------------------------------------------------------
     0 | D:1      | meme the Felid Conjurer began the quest for the Orb.
     0 | D:1      | Reached XP level 1. HP: 7/7 MP: 4/4
   681 | D:1      | Reached skill level 4 in Conjurations
   681 | D:1      | Reached XP level 2. HP: 9/11 MP: 4/6
  1633 | D:1      | Reached XP level 3. HP: 12/14 MP: 1/7
  1954 | D:2      | Noticed Sigmund
  2170 | D:1      | Learned a level 3 spell: Dazzling Spray
  2467 | D:2      | Found a snail-covered altar of Cheibriados.
  2482 | D:2      | Found a stormy altar of Qazlal.
  2494 | D:2      | Became a worshipper of Qazlal Stormbringer
  2589 | D:2      | Found a faded altar to an unknown god.
  2590 | D:2      | Noticed Natasha
  2887 | D:2      | Reached XP level 4. HP: 16/18 MP: 2/8
  3150 | D:2      | Killed from afar by a shadow imp
  3151 | D:2      | Reached XP level 3. HP: 0/15 MP: 1/8
  3163 | D:2      | Killed from afar by Natasha

Skill      XL: |  1  2  3 |
---------------+----------+-----
Conjurations   | 4 |  4.4
Dodging        | 3 |  3.1
Stealth        | 3 |  3.0
Fighting       | |  0.4
Unarmed Combat | |  0.2
Spellcasting   | |  2.6

Action                   |  1- 3 |  4- 6 || total
-------------------------+-------+-------++-------
Melee: Unarmed           |    54 |     5 ||    59
       Bite              |     3 |       ||     3
 Cast: Magic Dart        |   115 |     6 ||   121
       Dazzling Spray    |     1 |     3 ||     4
  Use: Scroll            |     3 |       ||     3
       Potion            |     1 |       ||     1
 Stab: Sleeping          |     3 |       ||     3
  Eat: Chunk             |    13 |     1 ||    14
Armor: Skin              |     3 |       ||     3
Dodge: Dodged            |    62 |     3 ||    65
